 Dungeon Crawl Stone Soup version 0.26.0-10-g1f06aea511 (console) character file.

Game seed: 6855299272530136355

492 doot the Caller (level 7, -17/38 HPs)
             Began as a Tengu Summoner on Feb 3, 2021.
             Demolished by an ogre
             ... wielding a +0 giant club
              (26 damage)
             ... on level 5 of the Dungeon.
             The game lasted 00:06:20 (4919 turns).

doot the Caller (Tengu Summoner)                    Turns: 4919, Time: 00:06:20

Health: -17/38     AC:  3    Str:  9    XL:     7   Next: 14%
Magic:  11/13      EV: 15    Int: 17    God:
Gold:   147        SH:  0    Dex: 14    Spells: 4/13 levels left

rFire    + . .     SeeInvis .   q - +0 trident
rCold    . . .     Faith    .   (no shield)
rNeg     . . .     Spirit   .   n - +0 leather armour
rPois    .         Reflect  .   (helmet restricted)
rElec    .         Harm     .   (no cloak)
rCorr    .         Rampage  .   (no gloves)
Will     +....                  (boots unavailable)
Stlth    ++........             (no amulet)
HPRegen  0.12/turn              i - ring of protection from fire
MPRegen  0.13/turn              p - ring of willpower (curse)

@: flying quickly and evasively, quick
A: beak, talons 3, able to fly
a: Stop Flying


You were on level 5 of the Dungeon.
You visited 1 branch of the dungeon, and saw 5 of its levels.

You collected 147 gold pieces.

Inventory:

Hand Weapons
 b - a +0 dagger
 d - a +0 spear
 q - a +0 trident (weapon)
Armour
 a - a +0 robe
 n - a +0 leather armour (worn)
Jewellery
 i - a ring of protection from fire (left hand)
 l - an uncursed ring of positive energy
 p - a cursed ring of willpower (right hand)
 r - an uncursed ring of fire {unknown}
Wands
 s - a wand of digging (5)
 u - a wand of random effects (16)
Scrolls
 g - a scroll of enchant weapon {unknown}
 h - 2 scrolls of remove curse {unknown}
 j - a scroll of random uselessness {unknown}
 k - a scroll of teleportation {unknown}
 m - 2 scrolls of identify {unknown}
 t - a scroll of fog {unknown}
Potions
 c - a potion of haste {unknown}
 e - 3 potions of curing {unknown}
 f - 2 potions of flight {unknown}
 o - a potion of degeneration {unknown}
 v - a potion of attraction {unknown}


   Skills:
 + Level 1.2 Fighting
 + Level 0.2 Short Blades
 + Level 3.3 Polearms
 + Level 2.0 Armour
 + Level 2.7 Dodging
 + Level 3.0 Stealth
 + Level 3.6 Spellcasting
 + Level 6.7 Summonings


You had 4 spell levels left.
You knew the following spells:

 Your Spells              Type           Power        Failure   Level
a - Summon Small Mammal   Summ           100%         1%          1
b - Call Imp              Summ           25%          2%          2
c - Call Canine Familiar  Summ           25%          4%          3
d - Summon Guardian Gole  Hex/Summ       14%          17%         3

Your spell library contained the following spells:

 Spells                   Type           Power        Failure   Level
 Summon Ice Beast         Ice/Summ       14%          50%         4
 Summon Lightning Spire   Summ/Air       14%          50%         4


Dungeon Overview and Level Annotations

Branches:
Dungeon (5/15)
 Temple: D:4-7

Altars:
Hepliaklqana
Kikubaaqudgha

Shops:
D:5 :


Innate Abilities, Weirdness & Mutations

You have a beak for a mouth.
You have claws for feet.
You can fly continuously.


Message History

The puff of frost hits the centaur!
The centaur shoots an arrow.
The arrow hits your guardian golem.
Your guardian golem overheats!
The centaur shoots an arrow.
The arrow hits your guardian golem but does no damage.
Your white imp hits the centaur.
Your white imp freezes the centaur.
The centaur shoots an arrow.
The arrow hits your guardian golem. Flame seeps out of your guardian golem.
Your white imp gestures at the centaur.
The puff of frost hits the centaur.
Your guardian golem is engulfed in blazing flames.
Your guardian golem explodes!
The fiery explosion engulfs the centaur!!!
The centaur dies!
Unknown command.
Unknown command.
You feel a bit more experienced.
You see here a hand axe.
The ogre shouts!
The ogre hits you with a +0 giant club!!
Ouch! That really hurt!
You die...

# ##..## ##...# ##..## ##...#
##...## ##..## # ##...## ##...##
##...# ## #...## ###....#
###...## ##. ....# ##.....##
##.....# ##.. ....###......#
###.....## ###...
.##..........###.......# ###.....
.####..##.##...........###.......
..........####.###........h.##...
#########.# #.###..........##...
#.# #..@...)##.###+####.
#.#######O..###.# #.
#.)..#....h.# #.# #.
#...........##..+ .#
###.)...........# ..
##.........#...## #
#.........>#...# #+###
###.....##.....## ##...#
#......##..##...###...##..
##....###...#....#.......
#....................#.#


You could see an ogre and a friendly hound (summoned, wandering).

Vanquished Creatures
  A centaur zombie (D:5)
  An orc wizard (D:5)
  A worker ant (D:4)
  A howler monkey zombie (D:5)
  5 adders
  An adder skeleton (D:5)
  A leopard gecko (D:2)
  4 orcs
  2 giant cockroaches
  2 goblins (D:2)
  4 hobgoblins
  2 quokkas
  5 bats
  3 frilled lizards
  4 kobolds (D:5)
  3 rats (D:2)
40 creatures vanquished.

Vanquished Creatures (collateral kills)
  2 ogres
  A big kobold (D:5)
  A scorpion (D:4)
  A bullfrog skeleton (D:4)
  An orc priest (D:5)
  Ijyb (D:4)
  An iguana (D:5)
  A worker ant (D:5)
  3 adders
  A worm (D:2)
  A leopard gecko (D:1)
  3 orcs
  2 bat zombies (D:5)
  2 goblins (D:1)
  A hobgoblin (D:1)
  2 kobolds (D:5)
  2 bats (D:1)
  A frilled lizard (D:3)
  A jackal skeleton (D:5)
  2 rat zombies (D:5)
30 creatures vanquished.

Vanquished Creatures (others)
  A centaur (D:5)
  A jackal skeleton (D:5)
2 creatures vanquished.

Grand Total: 72 creatures vanquished

Notes
Turn   | Place    | Note
-------+----------+-------------------------------------------
     0 | D:1      | doot the Tengu Summoner began the quest for the Orb.
     0 | D:1      | Reached XP level 1. HP: 10/10 MP: 4/4
   551 | D:1      | Reached skill level 5 in Summonings
   557 | D:1      | Reached XP level 2. HP: 7/15 MP: 4/6
   724 | D:1      | Learned a level 2 spell: Call Imp
  1176 | D:2      | Reached XP level 3. HP: 19/19 MP: 1/7
  1336 | D:2      | Learned a level 3 spell: Call Canine Familiar
  1681 | D:2      | Found a hazy altar of Hepliaklqana.
  2170 | D:3      | Reached XP level 4. HP: 9/24 MP: 4/9
  2470 | D:4      | Noticed an ogre
  2488 | D:4      | Killed an ogre
  2489 | D:4      | Reached skill level 1 in Polearms
  2682 | D:4      | Reached skill level 1 in Armour
  2682 | D:4      | Gained mutation: You can fly continuously. [Tengu growth]
  2682 | D:4      | Reached XP level 5. HP: 25/28 MP: 6/10
  3038 | D:4      | Reached skill level 6 in Summonings
  3332 | D:4      | Noticed Ijyb
  3346 | D:4      | Killed Ijyb
  3873 | D:5      | Entered Level 5 of the Dungeon
  3873 | D:5      | Found Qets's Book Boutique.
  3873 | D:5      | Noticed a centaur
  3873 | D:5      | Noticed an ogre
  4032 | D:5      | Found an ancient bone altar of Kikubaaqudgha.
  4060 | D:5      | Reached XP level 6. HP: 33/33 MP: 11/11
  4164 | D:5      | Learned a level 3 spell: Summon Guardian Golem
  4483 | D:5      | Reached skill level 1 in Fighting
  4841 | D:5      | Reached XP level 7. HP: 36/38 MP: 9/13
  4919 | D:5      | Demolished by an ogre

Illustrated notes

Levels and vault maps discovered:
D:1:      lightli_arrival_windingriver, layout_loops_ring,
          minmay_misc_feat_tiny, chequers_serial_rivers_marsh
D:2:      layout_basic, minmay_misc_feat_iff, kennysheep_flooded_box
D:3:      layout_basic, nzn_hepliaklqana_mist_gate
D:4:      layout_loops_corners, uniq_ijyb
D:5:      minmay_thick_lines, layout_cave_pools,
          gammafunk_temple_overflow_elements, lemuel_zombie_altar_kikubaaqudgha,
          minmay_temple_entry_glassed_door, serial_shops, shop

Skill      XL: |  1  2  3  4  5  6 |
---------------+-------------------+-----
Summonings     | 5 6 |  6.7
Polearms       | 1 3 |  3.3
Armour         | 1 2 |  2.0
Spellcasting   | 3 |  3.6
Fighting       | 1 |  1.2
Stealth        | 3 |  3.0
Short Blades   | |  0.2
Dodging        | |  2.7

Action                   |  1- 3 |  4- 6 |  7- 9 || total
-------------------------+-------+-------+-------++-------
Melee: Dagger            |     7 |       |       ||     7
       Unarmed           |     5 |       |       ||     5
       Kick              |    16 |    16 |       ||    32
       Peck              |     3 |     9 |       ||    12
       Spear             |    63 |       |       ||    63
       Trident           |     3 |    97 |     2 ||   102
 Cast: Summon Small Mamm |    13 |       |       ||    13
       Call Imp          |     6 |     9 |       ||    15
       Call Canine Famil |     4 |    11 |     1 ||    16
       Summon Guardian G |       |       |     1 ||     1
 Abil: Fly               |       |     1 |       ||     1
 Stab: Sleeping          |     5 |     3 |       ||     8
       Distracted        |       |     2 |       ||     2
Armor: Robe              |    15 |       |       ||    15
       Leather armour    |     4 |    10 |       ||    14
Dodge: Dodged            |    40 |    66 |     5 ||   111
